Map: Acid Plant LE

Players

axu

  • Race: Protoss Protoss
  • League: Platinum
  • Spawn Location: 11:00

THETABIONIC - Winner!

  • Race: Terran Terran
  • League: Diamond
  • Spawn Location: 5:00

VOD

Have the link to the VOD?

Description

Time

  • Played on: March 8, 2018, 9:05 a.m.
  • Length: 12:22
Show
View Real Time Build Order
Export as new Build Order

axu Protoss 

Build Orders: 1 Gate Expand 

Get SALT Encoding   

  12  0:02  Probe  
  13  0:14  Probe  
  14  0:22  Pylon  
  14  0:26  Probe  
  15  0:40  Probe  
  15  0:41  Gateway  
  16  0:52  Probe  
  16  0:53  Assimilator  
  17  1:04  Probe (Chrono Boost)  
  18  1:17  Probe (Chrono Boost)  
  19  1:29  Probe  
  20  1:39  Nexus  
  20  1:47  Cybernetics Core  
  20  1:53  Probe  
  21  1:56  Assimilator  
  21  2:09  Pylon  
  21  2:11  Zealot (Chrono Boost)  
  21  2:15  Pylon  
  22  2:25  Pylon  
  22  2:33  Robotics Facility  
  22  2:40  Pylon  
  22  2:43  Stalker  
  24  2:47  Nexus  
  24  2:58  Probe  
  25  3:08  Gateway  
  25  3:10  Probe  
  26  3:18  Pylon  
  26  3:20  Warp Gate (Chrono Boost)  
  26  3:26  Observer  
  27  3:28  Probe  
  28  3:45  Probe  
  29  3:57  Probe  
  30  4:06  Probe  
  30  4:09  Probe  
  32  4:12  Stargate  
  32  4:17  Immortal (Chrono Boost)  
  32  4:18  Probe  
  32  4:22  Gateway  
  37  4:28  Probe, Pylon  
  37  4:30  Probe  
  39  4:40  Probe  
  39  4:42  Probe  
  41  4:50  Observer (Chrono Boost)  
  41  4:52  Probe  
  43  4:54  Probe  
  44  5:08  Immortal, Oracle  
  44  5:11  Assimilator  
  44  5:13  Probe  
  52  5:15  Probe, Assimilator  
  53  5:25  Probe  
  53  5:27  Probe  
  55  5:34  Shield Battery  
  55  5:38  Probe  
  55  5:39  Probe  
  57  5:45  Oracle  
  60  5:50  Probe  
  60  5:51  Probe  
  60  5:56  Pylon  
  62  5:58  Stalker x3  
  62  6:03  Pylon  
  68  6:06  Probe  
  68  6:07  Probe  
  70  6:18  Probe  
  70  6:19  Probe, Forge  
  70  6:21  Forge  
  70  6:24  Pylon  
  72  6:27  Pylon  
  70  6:52  Stalker x3  
  76  6:55  Observer  
  76  6:57  Protoss Ground Weapons Level 1 (Chrono Boost)  
  76  6:58  Protoss Ground Armor Level 1 (Chrono Boost)  
  77  7:09  Photon Cannon  
  77  7:12  Photon Cannon  
  77  7:15  Nexus  
  77  7:17  Zealot x3  
  83  7:23  Twilight Council  
  83  7:24  Probe x2  
  85  7:38  Immortal  
  85  7:42  Zealot x2  
  85  7:43  Zealot  
  96  7:51  Probe x2  
  96  7:58  Pylon  
  97  8:01  Pylon  
  97  8:03  Probe x2  
  99  8:15  Probe x2  
  101  8:27  Probe x2  
  103  8:36  Probe  
  103  8:39  Probe  
  103  8:40  Probe  
  106  8:46  Charge, Protoss Ground Weapons Level 2 (Chrono Boost)  
  106  8:47  Protoss Ground Armor Level 2 (Chrono Boost)  
  105  8:48  Probe  
  105  8:55  Dark Shrine  
  105  8:56  Probe  
  105  8:57  Probe  
  105  9:00  Shield Battery, Probe  
  105  9:02  Shield Battery  
  108  9:04  Shield Battery  
  108  9:05  Pylon  
  108  9:06  Stalker x3  
  108  9:07  Assimilator  
  108  9:08  Probe  
  108  9:09  Probe  
  116  9:12  Assimilator  
  116  9:34  Probe x3  
  119  9:43  Gateway  
  119  9:44  Gateway  
  119  9:45  Gateway  
  119  9:46  Gateway  
  119  9:48  Gateway  
  116  10:10  Pylon  
  102  10:27  Dark Templar x3  
  108  10:36  Photon Cannon  
  108  10:37  Photon Cannon  
  108  10:38  Probe x3  
  108  10:41  Pylon  
  111  10:50  Probe (Chrono Boost)  
  111  10:53  Probe x2 (Chrono Boost)  
  114  11:02  Probe (Chrono Boost)  
  117  11:06  Probe x2 (Chrono Boost)  
  117  11:10  Dark Templar x2  
  117  11:11  Dark Templar x6  
  125  11:14  Immortal, Probe x2  
  135  11:22  Archon  
  135  11:23  Archon x3  
  126  11:50  Pylon  
  126  11:53  Pylon  
  126  11:54  Nexus  
  126  11:55  Pylon  
  126  12:08  Assimilator  
Show
View Real Time Build Order
Export as new Build Order

THETABIONIC Terran - Winner!

Build Orders: Mech 

Get SALT Encoding   

  12  0:01  SCV  
  13  0:13  SCV  
  14  0:17  Supply Depot  
  14  0:25  SCV  
  15  0:41  Barracks  
  15  0:44  SCV  
  16  0:57  SCV  
  17  1:14  Command Center  
  17  1:21  Refinery  
  17  1:32  Orbital Command  
  17  1:39  Marine  
  18  1:49  Bunker  
  18  2:00  SCV  
  19  2:07  Refinery  
  19  2:20  Marine  
  20  2:28  SCV  
  21  2:37  Factory  
  21  2:44  Orbital Command  
  21  2:49  Command Center  
  21  2:56  SCV  
  22  2:59  Bunker  
  22  3:02  Marine  
  23  3:11  Factory  
  23  3:19  SCV x2  
  25  3:33  Bunker  
  25  3:35  Barracks Reactor, Factory Tech Lab  
  25  3:42  Starport  
  25  3:46  SCV  
  25  3:47  SCV  
  27  3:54  Engineering Bay  
  27  3:59  SCV  
  27  4:00  Factory Tech Lab  
  28  4:09  Refinery  
  28  4:10  Refinery  
  28  4:13  Orbital Command  
  28  4:19  SCV x2  
  30  4:27  Starport Tech Lab  
  30  4:29  Siege Tank  
  33  4:35  Siege Tank  
  33  4:38  Marine  
  37  4:41  SCV x2  
  39  4:46  Cloaking Field  
  39  4:55  SCV x3  
  39  4:58  Banshee  
  45  5:01  Marine x2  
  45  5:04  Missile Turret  
  47  5:12  Missile Turret  
  47  5:14  SCV x2  
  47  5:15  SCV  
  50  5:26  Siege Tank  
  53  5:39  Supply Depot x2  
  53  5:52  Armory  
  53  5:53  Starport  
  53  5:59  Refinery  
  53  6:00  Siege Tank, Banshee, SCV x2  
  53  6:01  SCV, Marine x2  
  53  6:02  Refinery  
  64  6:10  Supply Depot  
  64  6:13  SCV  
  65  7:00  Starport Tech Lab, Hyperflight Rotors  
  65  7:13  Thor x2  
  77  7:34  Supply Depot  
  77  7:35  Missile Turret  
  77  7:37  Supply Depot  
  77  7:46  Supply Depot  
  77  7:51  Factory  
  77  7:52  Terran Ship Weapons Level 1  
  77  7:55  Starport, Factory  
  77  7:56  Banshee x2  
  83  7:59  Thor  
  83  8:04  Siege Tank  
  92  8:08  Supply Depot  
  92  8:10  Supply Depot  
  92  8:28  Missile Turret  
  92  8:29  Barracks Tech Lab  
  91  8:39  Banshee  
  91  8:40  Command Center  
  94  8:57  SCV  
  94  8:58  SCV  
  94  8:59  Thor x2  
  108  9:07  SCV  
  109  9:17  Missile Turret  
  109  9:20  Missile Turret  
  109  9:21  Banshee x2  
  115  9:25  Factory Tech Lab  
  115  10:04  Banshee x2  
  121  10:17  Thor  
  127  10:33  Planetary Fortress  
  127  10:46  Banshee  
  130  10:51  Starport Tech Lab  
  130  10:55  Armory  
  130  10:58  Supply Depot, Hi-Sec Auto Tracking  
  130  11:05  Supply Depot  
  130  11:15  Banshee  
  132  11:20  Thor  
  135  11:26  Thor x2  
  148  11:58  Supply Depot  
Tags
 
Composition
Mech
Matchup
PvT
Spawn Locations
Cross Positions
Add a new tag
Caveats
  • Supply blocks, unpowered buildings, or Contaminate may cause inaccurate times.
  • Supply counts are checked every 10 seconds.